 Dungeon Crawl Stone Soup version 0.31.0-32-g396128a36d (webtiles) character file.

Game seed: 13530583782163789636

114 Fractals the Sneak (level 4, -2/31 HPs)
             Began as an Octopode Earth Elementalist on Apr 4, 2024.
             Killed by divine providence
             ... invoked by an orc priest
              (13 damage)
             ... on level 3 of the Dungeon.
             The game lasted 00:05:00 (1760 turns).

Fractals the Sneak (Octopode Earth Elementalist)    Turns: 1760, Time: 00:05:01

Health: -2/31      AC:  1    Str:  7    XL:     4   Next: 97%
Magic:  8/8        EV: 13    Int: 17    God:
Gold:   181        SH:  0    Dex: 14    Spells: 5/9 levels left

rFire   . . .        f - +0 short sword
rCold   . . .        (no shield)
rNeg    . . .        (helmet restricted)
rPois   .            e - amulet of regeneration
rElec   .            i - ring of resist corrosion
rCorr   +            (no ring)
SInv    .            (no ring)
Will    .....        (no ring)
Stlth   ++++         (no ring)
HPRegen 1.05/turn    (no ring)
MPRegen 0.11/turn    (no ring)
                     (no ring)

%: no passive effects
@: no status effects
A: almost no armour, amphibious, 8 rings, camouflage 1, gelatinous body 1,
(nimble swimmer 1), tentacles
a: no special abilities


You were on level 3 of the Dungeon.
You visited 1 branch of the dungeon, and saw 3 of its levels.

You collected 181 gold pieces.

Inventory:

Hand Weapons
 f - a +0 short sword (weapon)
Jewellery
 e - an amulet of regeneration (around mantle)
 i - a ring of resist corrosion (left tentacle)
Scrolls
 d - a scroll of teleportation {unknown}
 g - a scroll of brand weapon {unknown}
 k - 2 scrolls of fear
 l - a scroll of blinking {unknown}
 m - a scroll of identify {unknown}
 n - a scroll of fog {unknown}
 o - a scroll of revelation {unknown}
 s - a scroll of vulnerability {unknown}
Potions
 c - 3 potions of curing {unknown}
 h - a potion of brilliance {unknown}
 j - 2 potions of heal wounds {unknown}
 p - a potion of invisibility {unknown}
 q - 2 potions of degeneration {unknown}
 r - 2 potions of ambrosia {unknown}
 t - a potion of enlightenment {unknown}


   Skills:
 + Level 3.0 Fighting
 - Level 2.0 Dodging
 - Level 4.0 Stealth
 + Level 3.0 Spellcasting
 - Level 1.0 Conjurations
 - Level 3.0 Earth Magic


You had 5 spell levels left.
You knew the following spells:

 Your Spells              Type           Power      Damage    Failure   Level
a - Sandblast             Erth           24%        2d8       4%          1
b - Stone Arrow           Conj/Erth      18%        3d8       22%         3

Your spell library contained the following spells:

 Spells                   Type           Power      Damage    Failure   Level
 Passwall                 Erth           12%        N/A       16%         3
 Ensorcelled Hibernation  Hex/Ice        4%         N/A       26%         2
 Hailstorm                Conj/Ice       4%         3d5       38%         3
 Frozen Ramparts          Ice            4%         1d1       45%         3
 Summon Ice Beast         Ice/Summ       2%         N/A       45%         3
 Swiftness                Air            2%         N/A       45%         3
 Brom's Barrelling Bould  Conj/Erth      9%         2d3       58%         4
 Leda's Liquefaction      Alch/Erth      3%         N/A       67%         4
 Petrify                  Alch/Erth      7%         N/A       67%         4
 Olgreb's Toxic Radiance  Alch           2%         N/A       86%         4
 Metabolic Englaciation   Hex/Ice        1%         N/A       99%         5
 Sculpt Simulacrum        Ice/Alch       1%         N/A       100%        6
 Ozocubu's Refrigeration  Ice            1%         4d7       100%        7
 Discord                  Hex            1%         N/A       100%        8


Dungeon Overview and Level Annotations

Branches:
Dungeon (3/15)

Altars:
Elyvilon

Shops:
D:2 [


Innate Abilities, Weirdness & Mutations

You cannot wear most types of armour.
You are amphibious.
You can wear up to eight rings at the same time.
Your skin changes colour to match your surroundings (Stealth+).
Your rubbery body absorbs attacks. (AC +1, EV +1)
((You are camouflaged when in or above water. (Stealth+)))
You have tentacles for arms and can constrict up to eight enemies at once.


Message History

The orc closely misses you.
The orc priest calls upon Beogh to heal the orc priest.
The orc priest is healed somewhat.
You hear a shout!
You hit the orc priest but do no damage.
The orc priest is moderately wounded.
You constrict the orc.
You constrict the orc priest, but do no damage.
The orc hits you with a +0 hand axe. The orc priest barely misses you.
You hit the orc priest but do no damage.
The orc priest is moderately wounded.
You constrict the orc. You constrict the orc priest.
The orc priest calls upon Beogh to heal the orc.
The orc's wounds heal themselves!
The orc priest miscasts a cantrip.
The orc hits you with a +0 hand axe.
It was a potion of cancellation.
You feel magically purged.
You constrict the orc.
You constrict the orc priest, but do no damage.
The orc barely misses you. The orc priest hits you with a +0 mace!
* * * LOW HITPOINT WARNING * * *
Okay, then.
You release your grip on the orc.
You release your grip on the orc priest.
The orc priest attacks as it pursues you!
The orc priest barely misses you. Magic courses through your body.
Aiming: Sandblast (safe; 4% risk of failure)
Press: ? - help, Q - select action Shift-Dir - straight line, f/p - orc
Aim: an orc, wielding a +0 hand axe and wearing a +0 leather armour (heavily wounded, 82% to hit)
The blast of sand hits the orc!
You kill the orc!
The orc priest barely misses you.
Your Fighting skill increases to level 3!
Your Spellcasting skill increases to level 3!
Unknown command.
You barely miss the orc priest. Your grab misses the orc priest.
The orc priest mumbles some strange prayers to Beogh against you.
Beogh smites you!
You die...

..^.|.......................
.####.#.).........##########
.....#######...# #.....#
#...# .. #...# #...# ##
##..+ #...# #..# #.#.#
#..#######.#.#
#....oo@..†..#
#..?.o######## #.:... #.....
#..... #..... .....## ####.


You could see 2 orc priests and an orc.

Vanquished Creatures
  An orc wizard (D:2)
  3 adders
  4 orcs
  8 ball pythons
  5 bats
  3 endoplasms
  A giant cockroach (D:2)
  8 goblins
  5 hobgoblins
  A quokka (D:2)
  3 frilled lizards
  7 kobolds
  7 rats
56 creatures vanquished.

Notes
Turn   | Place    | Note
-------+----------+-------------------------------------------
     0 | D:1      | Fractals the Octopode Earth Elementalist began the quest
                  | for the Orb.
     0 | D:1      | Reached XP level 1. HP: 11/11 MP: 3/3
   121 | D:1      | Reached skill level 3 in Stealth
   189 | D:1      | Reached skill level 1 in Fighting
   189 | D:1      | Reached XP level 2. HP: 16/18 MP: 5/5
   739 | D:2      | Reached XP level 3. HP: 22/24 MP: 3/6
   777 | D:2      | Reached skill level 4 in Stealth
   970 | D:2      | Found a white marble altar of Elyvilon.
  1033 | D:2      | Reached XP level 4. HP: 30/30 MP: 7/7
  1178 | D:2      | Found Cirrop Cetz's Armour Shop.
  1634 | D:3      | Learned a level 3 spell: Stone Arrow
  1760 | D:3      | Killed from afar by an orc priest

Illustrated notes

Levels and vault maps discovered:
D:1:      lemuel_arrival_room, layout_basic, minmay_tree_intersection
D:2:      minmay_inner_zag, layout_basic, basic_altar, serial_shops,
          nicolae_shop_waterfront, nicolae_figureground_pulse
D:3:      layout_basic, trog_hazing_becter, nicolae_overflow_hidden_temple,
          grunt_temple_overflow_diamond, nrook_mini_vaults, minmay_between

Skill      XL: |  1  2  3  4 |
---------------+-------------+-----
Stealth        | 3 4 |  4.0
Fighting       | 1 2 3 |  3.0
Spellcasting   | 3 |  3.0
Dodging        | |  2.0
Conjurations   | |  1.0
Earth Magic    | |  3.0

Action                     |  1- 3 |  4- 6 || total
---------------------------+-------+-------++-------
  Melee: Short sword       |    54 |    35 ||    89
         Flail             |     5 |       ||     5
         Constrict         |    10 |     8 ||    18
         Tentacles         |    10 |     6 ||    16
         Punch             |     1 |       ||     1
   Cast: Sandblast         |     9 |    10 ||    19
    Use: Potion            |       |     2 ||     2
         Scroll            |       |     1 ||     1
   Stab: Sleeping          |    11 |     3 ||    14
         Distracted        |       |     2 ||     2
 Armour: Skin              |    24 |    22 ||    46
  Dodge: Dodged            |    32 |    33 ||    65
